 Dungeon Crawl Stone Soup version 0.23.2-33-g5129a83184 (webtiles) character file.

Game seed: 6778852018241633992

102 Cykl0x the Shield-Bearer (level 5, 0/42 HPs)
             Began as a Formicid Fighter on July 29, 2019.
             Succumbed to Crazy Yiuf's poison
             ... on level 2 of the Dungeon.
             The game lasted 00:03:16 (1154 turns).

Cykl0x the Shield-Bearer (Formicid Fighter)         Turns: 1154, Time: 00:03:17

Health: 0/42       AC:  7    Str: 21    XL:     5   Next: 5%
Magic:  5/5        EV:  8    Int:  8    God:
Gold:   81         SH:  9    Dex: 10    Spells: 4/4 levels left

rFire    . . .     SeeInvis +   a - +0 long sword
rCold    + . .     Gourm    .   c - +0 shield
rNeg     . . .     Faith    .   b - +0 scale mail
rPois    .         Spirit   .   (helmet unavailable)
rElec    .         Reflect  .   (no cloak)
rCorr    .         Harm     .   (no gloves)
MR       +....                  (no boots)
Stlth    ..........             (no amulet)
HPRegen  0.14/turn              (no ring)
MPRegen  0.09/turn              (no ring)

@: lethally poisoned (0 -> -1)
A: permanent stasis, dig shafts and tunnels, four strong arms, antennae 3, cold
resistance 1, magic resistance 1
a: Dig, Shaft Self


You were on level 2 of the Dungeon.
You were completely stuffed.

You visited 1 branch of the dungeon, and saw 2 of its levels.

You collected 81 gold pieces.

Inventory:

Hand Weapons
 a - a +0 long sword (weapon)
Armour
 b - a +0 scale mail (worn)
 c - a +0 shield (worn)
 p - a +0 cloak
Wands
 e - a wand of polymorph (7)
 o - a wand of iceblast (13)
Scrolls
 g - a scroll of magic mapping {unknown}
 h - 3 scrolls of identify {unknown}
 i - a scroll of immolation {unknown}
 j - a scroll of remove curse {unknown}
 l - a scroll of teleportation {unknown}
 n - a scroll of enchant weapon {unknown}
Potions
 d - 2 potions of might
Comestibles
 f - 2 rations
 m - 8 chunks of flesh


   Skills:
 + Level 3.8 Fighting
 + Level 3.3 Long Blades
 + Level 3.8 Armour
 + Level 0.4 Dodging
 + Level 0.2 Stealth
 + Level 4.4 Shields
 + Level 0.1 Unarmed Combat


You had 4 spell levels left.
You didn't know any spells.
Your spell library was empty.

Dungeon Overview and Level Annotations

Branches:
Dungeon (2/15)

Altars:


Innate Abilities, Weirdness & Mutations

You cannot be hasted, slowed, berserked, paralysed or teleported.
You can dig through walls and to a lower floor.
Your four strong arms can wield two-handed weapons with a shield.
You have a pair of large antennae on your head. (SInv)
Your flesh is cold resistant. (rC+)
You are resistant to hostile enchantments. (MR+)


Message History

* * * LOW HITPOINT WARNING * * *
You feel sick.
You eat one of the 3 rations.
That ration really hit the spot!
* * * LOW HITPOINT WARNING * * *
You feel sick.
* * * LOW HITPOINT WARNING * * *
You feel sick.
* * * LOW HITPOINT WARNING * * *
You feel sick.
* * * LOW HITPOINT WARNING * * *
You feel sick.
Unknown command.
* * * LOW HITPOINT WARNING * * *
You feel sick.
Unknown command.
* * * LOW HITPOINT WARNING * * *
You feel sick.
* * * LOW HITPOINT WARNING * * *
You feel sick.
You die...

###### ##### ##.#..## ###)))#
#......####)@)).#
#......)#))##)))#
#.##..)#)######## ####
#.######## ########..# #.#
#.......... #.##############
#####...### #.##...........#
##...### #.......>..รท.#.##
#.......
####.........#..######....###


There were no monsters in sight!

Vanquished Creatures
  Crazy Yiuf (D:2)
  Jessica (D:2)
  An adder (D:2)
  2 worms (D:2)
  2 dart slugs
  2 giant cockroaches (D:1)
  6 goblins (D:1)
  A hobgoblin (D:1)
  A ball python (D:2)
  4 bats
  A frilled lizard (D:1)
  5 kobolds (D:1)
  6 rats
33 creatures vanquished.

Notes
Turn   | Place    | Note
-------+----------+-------------------------------------------
     0 | D:1      | Cykl0x the Formicid Fighter began the quest for the Orb.
     0 | D:1      | Reached XP level 1. HP: 18/18 MP: 1/1
   138 | D:1      | Reached XP level 2. HP: 20/24 MP: 2/2
   339 | D:1      | Reached skill level 4 in Shields
   402 | D:1      | Reached XP level 3. HP: 29/29 MP: 3/3
   785 | D:2      | Noticed Jessica
   806 | D:2      | Killed Jessica
   806 | D:2      | Reached XP level 4. HP: 17/37 MP: 4/4
  1099 | D:2      | Found a runed translucent door.
  1100 | D:2      | Noticed Crazy Yiuf
  1124 | D:2      | Killed Crazy Yiuf
  1124 | D:2      | Reached XP level 5. HP: 7/42 MP: 5/5
  1134 | D:2      | Gained mutation: Your flesh is cold resistant. (rC+)
                  | [potion of mutation]
  1134 | D:2      | Gained mutation: You are resistant to hostile enchantments.
                  | (MR+) [potion of mutation]
  1145 | D:2      | HP: 2/42 [poisoned by Crazy Yiuf]
  1150 | D:2      | HP: 1/42 [poisoned by Crazy Yiuf]
  1154 | D:2      | Succumbed to Crazy Yiuf's poison

Skill      XL: |  1  2  3  4 |
---------------+-------------+-----
Shields        | 4 |  4.4
Long Blades    | 3 |  3.3
Fighting       | |  3.8
Armour         | |  3.8
Dodging        | |  0.4
Stealth        | |  0.2
Unarmed Combat | |  0.1

Action                   |  1- 3 |  4- 6 || total
-------------------------+-------+-------++-------
Melee: Long sword        |    94 |    27 ||   121
       Unarmed           |       |    17 ||    17
 Abil: Dig               |     1 |       ||     1
  Use: Potion            |       |     2 ||     2
  Eat: Chunk             |       |     1 ||     1
       Ration            |       |     3 ||     3
Armor: Scale mail        |    36 |    19 ||    55
Dodge: Dodged            |    30 |    15 ||    45
Block: Shield            |    47 |    13 ||    60
       Rpst.: Long sword |    10 |       ||    10
